 Dungeon Crawl Stone Soup version 0.31-a0-1370-gf52a5a9ab3 (webtiles) character file.

Game seed: 2083993944342396317

133007 Arcadio the Brawler (level 16, -17/172 HPs)
             Began as a Troll Monk on Dec 23, 2023.
             Was a High Priest of Qazlal.
             Demolished by a nagaraja
             ... wielding a +0 flail
              (19 damage)
             ... on level 4 of the Snake Pit.
             The game lasted 01:17:00 (24524 turns).

Arcadio the Brawler (Troll Monk)                   Turns: 24524, Time: 01:17:00

Health: -17/172    AC: 31    Str: 35    XL:     16   Next: 58%
Magic:  12/23      EV: 10    Int:  6    God:    Qazlal [*****.]
Gold:   549        SH:  6    Dex: 12    Spells: 15/15 levels left

rFire   + .          .
                       - Unarmed
rCold   + + .        c - orb {light}
rNeg    . . .        P - +7 gold dragon scales
rPois   .            R - +0 hat
rElec   .            a - +2 cloak {rC+}
rCorr   .            (gloves unavailable)
SInv    .            (boots unavailable)
Will    +....        j - amulet of the acrobat Stlth
                     r - +6 ring of strength
HPRegen 1.28/turn    K - +5 ring of evasion
MPRegen 0.18/turn

%: repel missiles, acrobat
@: lethally poisoned (-17 -> -18), untranslocatable, poison vulnerable,
protected from physical damage, acrobatic, glowing, constricted
A: large, unfitting armour, claws 3, regeneration 1, shaggy fur 1, tough skin 1
a: Renounce Religion, Upheaval, Elemental Force, Disaster Area


You were on level 4 of the Snake Pit.
You worshipped Qazlal.
Qazlal was extremely pleased with you.
You visited 7 branches of the dungeon, and saw 29 of its levels.
You also visited: Ossuary, Ice Cave and Volcano.

You collected 2727 gold pieces.
You spent 2178 gold pieces at shops.

Inventory:

Hand Weapons
 O - the +2 orcbow of the Gazing Rat {elec, rElec rPois}
   (You found it on level 2 of the Snake Pit)

   rElec:     It insulates you from electricity.
   rPois:     It protects you from poison
Missiles
 v - 3 throwing nets
Armour
 a - a +2 cloak of cold resistance (worn)
 c - an orb of light (worn)
 o - a +2 robe of cold resistance
 P - +7 gold dragon scales (worn)
 R - a +0 hat (worn)
Jewellery
 e - a ring of see invisible
 j - an amulet of the acrobat (around neck)
 q - a ring of protection from fire
 r - a +6 ring of strength (left claw)
 s - a ring of willpower
 x - an amulet of regeneration
 K - a +5 ring of evasion (right claw)
 S - a ring of magical power
 X - an amulet of faith
Wands
 p - a wand of iceblast (33)
 y - a wand of mindburst (11)
 E - a wand of flame (9)
 I - a wand of quicksilver (6)
 M - a wand of charming (27)
 T - a wand of polymorph (3)
Scrolls
 d - 15 scrolls of teleportation
 h - 3 scrolls of silence
 i - 2 scrolls of amnesia
 k - 4 scrolls of poison {unknown}
 l - 3 scrolls of fog
 t - 5 scrolls of fear
 u - 3 scrolls of immolation
 D - 3 scrolls of enchant weapon
 G - 7 scrolls of revelation
 H - 5 scrolls of vulnerability
 Q - a scroll of torment {unknown}
 V - a scroll of blinking
 W - a scroll of summoning
Potions
 b - 2 potions of ambrosia
 f - 2 potions of magic
 g - 5 potions of heal wounds
 m - 12 potions of curing
 n - 4 potions of berserk rage
 w - 2 potions of invisibility
 z - 2 potions of enlightenment
 A - 4 potions of haste
 B - 5 potions of lignification
 C - 4 potions of cancellation
 F - 3 potions of resistance
 J - 6 potions of mutation
 L - 3 potions of attraction
 N - 2 potions of might


   Skills:
 + Level 14.0 Fighting
 + Level 7.4 Armour
 - Level 12.0 Dodging
 + Level 16.4 Unarmed Combat
 + Level 11.5 Invocations


You had 15 spell levels left.
You didn't know any spells.
Your spell library contained the following spells:

 Spells                   Type           Power      Damage    Failure   Level
 Apportation              Tloc           0%         N/A       100%        1
 Necrotise                Necr           0%         1d4       100%        1
 Sting                    Conj/Alch      0%         1d3       100%        1
 Summon Small Mammal      Summ           0%         N/A       100%        1
 Cigotuvi's Dreadful Rot  Necr/Alch/Air  0%         N/A       100%        2
 Mercury Vapours          Alch/Air       0%         N/A       100%        2
 Fugue of the Fallen      Necr           0%         N/A       100%        3
 Inner Flame              Hex/Fire       0%         N/A       100%        3
 Mephitic Cloud           Conj/Alch/Air  0%         N/A       100%        3
 Ozocubu's Armour         Ice            0%         N/A       100%        3
 Tukima's Dance           Hex            0%         N/A       100%        3
 Animate Armour           Summ/Erth      0%         N/A       100%        4
 Brom's Barrelling Bould  Conj/Erth      0%         2d3       100%        4
 Cause Fear               Hex            0%         N/A       100%        4
 Dimensional Bullseye     Hex/Tloc       0%         N/A       100%        4
 Ignite Poison            Fire/Alch      0%         N/A       100%        4
 Iskenderun's Mystic Bla  Conj/Tloc      0%         2d3       100%        4
 Leda's Liquefaction      Alch/Erth      0%         N/A       100%        4
 Manifold Assault         Tloc           0%         N/A       100%        4
 Passage of Golubria      Tloc           0%         N/A       100%        4
 Petrify                  Alch/Erth      0%         N/A       100%        4
 Fireball                 Conj/Fire      0%         3d3       100%        5
 Freezing Cloud           Conj/Ice/Air   0%         6-21      100%        5
 Irradiate                Conj/Alch      0%         3d11      100%        5
 Iskenderun's Battlesphe  Conj           0%         2d6       100%        5
 Silence                  Hex/Air        0%         N/A       100%        5
 Summon Forest            Summ/Tloc      0%         N/A       100%        5
 Conjure Ball Lightning   Conj/Air       0%         3x3d6     100%        6
 Eringya's Noxious Bog    Alch           0%         4d6       100%        6
 Orb of Destruction       Conj           0%         9d5       100%        7
 Summon Hydra             Summ           0%         N/A       100%        7
 Ignition                 Fire           0%         3d3       100%        8
 Lehudib's Crystal Spear  Conj/Erth      0%         10d2      100%        8
 Dragon's Call            Summ           0%         N/A       100%        9


Dungeon Overview and Level Annotations

Branches:
Dungeon (15/15) Zot: 26056 Temple (1/1) D:4 Zot: 5962 Lair (5/5) D:10 Zot: 24363 Swamp (0/4) Lair:3 Snake (4/4) Lair:2 Zot: 20824 Slime (1/5) Lair:4 Zot: 5998 Orc (2/2) D:9 Zot: 10373 Elf (1/3) Orc:2 Zot: 5986 Vaults (0/5) D:12 D:13 Depths (0/4) D:15 Ossuary (visited) IceCv (visited) Volcano (visited)

Altars:
Ashenzari
Cheibriados
Dithmenos
Elyvilon
Fedhas
Gozag
Hepliaklqana
Kikubaaqudgha
Makhleb
Nemelex Xobeh
Okawaru
Qazlal
Ru
Trog
Uskayaw
Vehumet
Xom
Yredelemnul
The Shining One

Shops:
D:1 (   D:5 !   D:9 [   Orc:1 [   Orc:2 [:*(   Snake:3 (([?

Annotations:
D:3 Natasha
D:9 exclusion: upstairs
Snake:1 3 runed translucent doors


Innate Abilities, Weirdness & Mutations

You are too large for most types of armour.
You have claws for hands.
Your natural rate of healing is unusually fast.
You are covered in fur. (AC +1)
You have tough skin. (AC +1)


Message History

The cutting wind hits the black mamba!!
You kill the black mamba!
Qazlal accepts your kill.
You feel very sick. The black mamba bites you.
* * * LOW HITPOINT WARNING * * *
The nagaraja spits poison at you.
The splash of poison is repelled.
The splash of poison hits the naga ritualist.
The black mamba bites you but does no damage.
The naga ritualist invokes the aid of its god against you.
You feel yourself grow more vulnerable to poison.
The nagaraja casts a spell at you.
You feel more firmly anchored in space. The nagaraja constricts you.
The nagaraja hits you with a +0 flail!
* * * LOW HITPOINT WARNING * * *
Unknown command.
You feel better.
The black mamba bites you but does no damage.
The nagaraja hits you with a +0 club!
* * * LOW HITPOINT WARNING * * *
The nagaraja constricts you.
* * * LOW HITPOINT WARNING * * *
The naga ritualist mumbles some strange prayers to its god.
The naga ritualist begins to radiate toxic energy.
* * * LOW HITPOINT WARNING * * *
You are poisoned.
The nagaraja is engulfed in blazing flames.
The nagaraja hits you but does no damage.
The black mamba bites you but does no damage.
The nagaraja hits you but does no damage.
The nagaraja constricts you.
* * * LOW HITPOINT WARNING * * *
You feel sick.
* * * LOW HITPOINT WARNING * * *
You are more poisoned.
The black mamba bites you but does no damage.
The nagaraja is engulfed in blazing flames.
The nagaraja hits you with a +0 flail!!
You die...

##.# #...# #..# #..?. #..#
#..#.# . #..# ##....# ..
#..# ##....# ... #..#
##†...## ....
######..#####†#....#
....#.....≈≈..§N†)..#...#
#..#....#...≈.N@.N####S..#
#.......#...#.S#.# #..#
######..########## #..#
#..# #.. #..# #..# #.##
##.# ########.#######


You could see 2 nagarajas, a naga ritualist (toxic aura, frozen) and a black
mamba (very poisoned).

Vanquished Creatures
  Vashnia (Snake:3)
  Azrael (D:12)
  An ettin (D:15)
  Harold (D:11)
  A hydra (Lair:5)
  A salamander tyrant (Snake:3)
  An ice dragon (Lair:5)
  6 centaur warriors
  A death knight (D:15)
  6 boulder beetles
  4 catoblepae
  5 two-headed ogres
  6 anacondas
  2 tengu warriors
  7 death yaks
  3 orc high priests
  Urug (D:12)
  5 naga warriors
  13 naga sharpshooters
  4 shock serpents
  A fire crab (D:10)
  2 salamander mystics
  A skyshark (Lair:5)
  4 skeletal warriors
  A sea snake (Snake:2)
  An arcanist (D:15)
  A deep troll (D:15)
  A swamp dragon (Lair:5)
  Pikel (D:8)
  4 deep elf pyromancers
  15 mana vipers
  7 naga ritualists
  2 orc sorcerers
  2 ugly things (D:12)
  6 manticores
  5 cyclopes
  A kobold blastminer (Orc:2)
  28 black mambas
  5 slime creatures
  7 elephants
  17 salamanders
  A gargoyle (D:13)
  4 naga magi
  11 cane toads
  A guardian serpent (Snake:3)
  A torpor snail (Lair:5)
  4 rime drakes
  2 anaconda simulacra (IceCv)
  6 komodo dragons
  An efreet (D:15)
  4 tengu conjurers
  3 trolls
  2 polar bears
  9 blink frogs
  3 dream sheep (Lair:5)
  A hornet (D:9)
  A centaur simulacrum (D:14)
  A shadow (D:12)
  2 vampires
  A wyvern (shapeshifter) (D:14)
  7 wyverns
  Sigmund (D:3)
  A wraith (D:12)
  A dire elephant simulacrum (IceCv)
  4 wargs
  6 basilisks
  Eustachio (D:5)
  4 fire bats (Volcano)
  30 yaks
  6 fire elementals
  16 humans
  3 steam dragons
  2 harpy simulacra (IceCv)
  7 vampire mosquitoes
  7 acid dragons
  3 swamp worms (D:9)
  23 nagas
  13 water moccasins
  3 hell hounds (D:12)
  24 orc warriors
  An ice beast (D:5)
  3 sky beasts
  3 black bears
  9 ogres
  10 centaurs
  14 wolves
  4 lemures (D:8)
  2 kobold brigands (D:9)
  6 bullfrogs
  5 necrophages
  2 scorpions
  2 gnoll sergeants (D:8)
  5 two-headed ogre simulacra (IceCv)
  An earth elemental (Volcano)
  A cane toad simulacrum (IceCv)
  17 wights
  6 killer bees (D:9)
  An elephant simulacrum (IceCv)
  9 howler monkeys
  4 electric eels
  7 lava snakes
  4 crimson imps (D:10)
  2 jellies (D:5)
  A gnoll bouda (D:6)
  12 orc priests
  3 sleepcaps
  Jessica (D:2)
  Ijyb (D:3)
  7 iguanas
  Natasha (twice) (D:3)
  23 orc wizards
  8 troll simulacra (IceCv)
  3 polar bear simulacra (IceCv)
  3 spriggan simulacra (IceCv)
  5 wolf simulacra (IceCv)
  8 mummies (Ossuary)
  12 gnolls
  5 adders
  4 naga simulacra (IceCv)
  2 bombardier beetles
  9 white imps (IceCv)
  8 ufetubi
  4 worms (D:2)
  5 dart slugs
  69 orcs
  7 endoplasms
  2 giant cockroaches
  5 goblins
  7 hobgoblins
  A jackal (D:2)
  10 kobolds
  3 quokkas
  4 ball pythons
  3 bats
  2 frilled lizards
  A gnoll zombie (Ossuary)
  2 hobgoblin zombies (Ossuary)
  2 kobold zombies (Ossuary)
  4 orc zombies
  15 rats
783 creatures vanquished.

Vanquished Creatures (collateral kills)
  An orc warlord (Orc:2)
  A stone giant (Volcano)
  2 hydras
  A boulder beetle (Lair:4)
  2 orc knights
  2 orc sorcerers (Orc:2)
  2 cane toads (Lair:5)
  A komodo dragon (Lair:5)
  An efreet (Volcano)
  A polar bear (Lair:4)
  2 wyverns
  A water moccasin (D:8)
  2 orc warriors
  An earth elemental (Volcano)
  An orc wizard (Orc:2)
21 creatures vanquished.

Vanquished Creatures (others)
  A naga (Snake:2)
  An orc warrior (D:10)
  An endoplasm (D:3)
3 creatures vanquished.

Grand Total: 807 creatures vanquished

Notes
Turn   | Place    | Note
-------+----------+-------------------------------------------
     0 | D:1      | Arcadio the Troll Monk began the quest for the Orb.
     0 | D:1      | Reached XP level 1. HP: 22/22 MP: 0/0
   143 | D:1      | Found Kitrutz's Weapon Shop.
   151 | D:1      | Reached XP level 2. HP: 29/29 MP: 1/1
   644 | D:2      | Reached XP level 3. HP: 36/36 MP: 2/2
   707 | D:2      | Noticed Jessica
   713 | D:2      | Killed Jessica
   745 | D:2      | Reached XP level 4. HP: 45/45 MP: 3/3
   813 | D:2      | Found a faded altar of an unknown god.
  1221 | D:3      | Noticed Ijyb
  1229 | D:3      | Killed Ijyb
  1233 | D:3      | Noticed Sigmund
  1433 | D:3      | Found a burning altar of Makhleb.
  1623 | D:3      | Noticed Natasha
  1629 | D:3      | Killed Natasha
  1630 | D:3      | Reached skill level 4 in Unarmed Combat
  1630 | D:3      | Reached XP level 5. HP: 53/53 MP: 4/4
  1674 | D:3      | Noticed Natasha
  1675 | D:3      | Killed Natasha
  1702 | D:3      | Found a basalt altar of Yredelemnul.
  1702 | D:3      | Noticed Natasha
  1935 | D:3      | Killed Sigmund
  1936 | D:3      | Reached XP level 6. HP: 62/62 MP: 5/5
  1955 | D:3      | Found an iron altar of Okawaru.
  2371 | D:4      | Found a sand-covered staircase.
  2391 | D:4      | Reached skill level 5 in Unarmed Combat
  2413 | D:4      | Found a staircase to the Ecumenical Temple.
  2423 | Ossuary  | Entered an ossuary
  2537 | Ossuary  | Reached XP level 7. HP: 36/71 MP: 6/6
  2725 | Temple   | Entered the Ecumenical Temple
  2743 | Temple   | Became a worshipper of Qazlal Stormbringer
  2743 | Temple   | Reached * piety under Qazlal
  2743 | Temple   | Reached ** piety under Qazlal
  3381 | D:5      | Entered Level 5 of the Dungeon
  3416 | D:5      | Found an ancient bone altar of Kikubaaqudgha.
  3544 | D:5      | Reached skill level 5 in Fighting
  3664 | D:5      | Found Yjazeim's Distillery.
  3670 | D:5      | Bought a potion of heal wounds for 55 gold pieces
  3670 | D:5      | Bought a potion of curing for 33 gold pieces
  3670 | D:5      | Bought a potion of berserk rage for 55 gold pieces
  3670 | D:5      | Bought a potion of heal wounds for 55 gold pieces
  3670 | D:5      | Bought a potion of resistance for 110 gold pieces
  3670 | D:5      | Bought a potion of haste for 110 gold pieces
  3724 | D:5      | Noticed Eustachio
  3729 | D:5      | Killed Eustachio
  3730 | D:5      | Reached skill level 5 in Dodging
  3730 | D:5      | Reached skill level 6 in Unarmed Combat
  3730 | D:5      | Reached XP level 8. HP: 80/80 MP: 7/7
  4490 | D:6      | Reached skill level 7 in Unarmed Combat
  4850 | D:7      | Reached skill level 1 in Invocations
  4859 | D:7      | Found an opulent altar of Gozag.
  4909 | D:7      | Identified the +8 rapier of Purpose {freeze, *Noise rPois
                  | Int+7}
  4978 | D:7      | Found a radiant altar of Vehumet.
  4983 | D:7      | You fall into a shaft and drop 2 floors!
  5040 | D:9      | Found Jumiug's Armour Boutique.
  5271 | D:9      | Reached XP level 9. HP: 89/89 MP: 9/9
  5290 | D:9      | Reached *** piety under Qazlal
  5517 | D:8      | Reached skill level 8 in Unarmed Combat
  5784 | D:8      | Reached **** piety under Qazlal
  5811 | D:8      | Noticed a two-headed ogre
  5831 | D:8      | Reached XP level 10. HP: 102/102 MP: 12/12
  6045 | D:9      | Found a staircase to the Orcish Mines.
  6063 | Orc:1    | Entered Level 1 of the Orcish Mines
  6163 | D:9      | Reached skill level 9 in Unarmed Combat
  6348 | Orc:1    | Reached skill level 5 in Invocations
  6669 | Orc:1    | Found a dark tunnel.
  6677 | Volcano  | Entered a volcano
  6797 | Volcano  | Noticed a stone giant
  6826 | Volcano  | Killed a stone giant
  6830 | Volcano  | Reached XP level 11. HP: 105/111 MP: 9/14
  7019 | Orc:1    | Found Taown's Antique Armour Shoppe.
  7143 | Orc:2    | Entered Level 2 of the Orcish Mines
  7143 | Orc:2    | Noticed an orc high priest
  7143 | Orc:2    | Noticed an orc sorcerer
  7143 | Orc:2    | Found Cuqityhe's Book Boutique.
  7157 | Orc:2    | Noticed an orc high priest
  7157 | Orc:2    | Found Womel's Antique Weapon Boutique.
  7422 | D:9      | Found a hide-covered altar of Uskayaw.
  7717 | D:8      | Killed a two-headed ogre
  7808 | D:8      | Noticed a boulder beetle
  7988 | D:8      | Reached skill level 10 in Unarmed Combat
  8028 | D:8      | Identified the +0 helmet "Falah" {Rampage rF- Int+2}
  8156 | D:8      | Noticed Pikel
  8173 | D:8      | Killed Pikel
  8241 | D:10     | Entered Level 10 of the Dungeon
  8592 | D:10     | Found a broken altar of Ashenzari.
  8649 | D:10     | Noticed a fire crab
  8656 | D:10     | Killed a fire crab
  8711 | D:10     | Found a white marble altar of Elyvilon.
  8755 | D:10     | Found a staircase to the Lair.
  8777 | D:10     | Found a shimmering altar of Xom.
  8788 | D:10     | Reached ***** piety under Qazlal
  9037 | Lair:1   | Entered Level 1 of the Lair of Beasts
  9251 | Lair:1   | Found a frozen archway.
  9273 | IceCv    | Entered an ice cave
  9325 | IceCv    | Reached XP level 12. HP: 123/123 MP: 16/16
  9622 | IceCv    | Reached skill level 11 in Unarmed Combat
  9785 | IceCv    | Noticed a reaper
 10782 | Lair:2   | Found a staircase to the Snake Pit.
 11952 | Lair:3   | Found a staircase to the Swamp.
 12354 | Lair:3   | Identified the +12 rapier of Daba {drain, rPois Dex+4}
 12731 | Lair:4   | Noticed a death yak
 12731 | Lair:4   | Noticed a death yak
 12731 | Lair:4   | Noticed a death yak
 12731 | Lair:4   | Noticed a death yak
 12799 | Lair:3   | Reached skill level 10 in Fighting
 12799 | Lair:3   | Reached skill level 10 in Dodging
 13034 | Orc:1    | Killed an orc high priest
 13087 | Orc:1    | Reached skill level 12 in Unarmed Combat
 13092 | Orc:1    | Reached ****** piety under Qazlal
 13102 | Orc:2    | Killed an orc high priest
 13122 | Orc:2    | Reached XP level 13. HP: 133/133 MP: 15/18
 13396 | Orc:2    | Noticed an orc warlord
 13409 | Orc:2    | Killed an orc warlord
 13535 | Orc:2    | Paralysed by an orc sorcerer for 4 turns
 13649 | Orc:2    | Found a bloodstained altar of Trog.
 13734 | Orc:2    | Found a staircase to the Elven Halls.
 13749 | Elf:1    | Entered Level 1 of the Elven Halls
 13894 | Orc:2    | Found Ucipt's Antique Armour Emporium.
 13972 | Orc:2    | Found Vaegh's General Store.
 13981 | Orc:2    | Bought a potion of resistance for 110 gold pieces
 13981 | Orc:2    | Bought a scroll of revelation for 82 gold pieces
 14428 | D:11     | Noticed Harold
 14484 | D:11     | Killed Harold
 14661 | D:11     | Got the Incunable of the Spatial Boulder
 14885 | D:9      | Bought +2 gold dragon scales for 1288 gold pieces
 15523 | Lair:3   | Reached skill level 10 in Invocations
 15619 | Lair:3   | Reached skill level 13 in Unarmed Combat
 15976 | Lair:4   | Found a staircase to the Slime Pits.
 16133 | Lair:5   | Entered Level 5 of the Lair of Beasts
 16163 | Lair:5   | Reached XP level 14. HP: 145/146 MP: 8/20
 17317 | Slime:1  | Entered Level 1 of the Pits of Slime
 17317 | Slime:1  | Noticed a rockslime
 17317 | Slime:1  | Noticed a rockslime
 17702 | D:11     | Found a bloodstained altar of Trog.
 17975 | D:12     | Noticed Azrael
 18019 | D:12     | Killed Azrael
 18309 | D:12     | Found a shadowy altar of Dithmenos.
 18513 | D:13     | Noticed Urug
 18513 | D:13     | Found a gate to the Vaults.
 18533 | D:12     | Killed Urug
 18534 | D:12     | Reached skill level 14 in Unarmed Combat
 19065 | D:12     | Reached skill level 1 in Armour
 19375 | D:13     | Reached XP level 15. HP: 142/156 MP: 22/22
 20043 | D:15     | Entered Level 15 of the Dungeon
 20062 | D:15     | Found a staircase to the Depths.
 21054 | Snake:1  | Entered Level 1 of the Snake Pit
 21266 | Snake:1  | Reached skill level 15 in Unarmed Combat
 21971 | Snake:1  | Found a runed translucent gate.
 21971 | Snake:1  | Found a runed translucent gate.
 21971 | Snake:1  | Found a runed translucent gate.
 22382 | Snake:2  | Reached skill level 5 in Armour
 22439 | Snake:2  | Identified the +2 orcbow of the Gazing Rat {elec, rElec
                  | rPois}
 23208 | Snake:3  | Found Ruxt's Armour Shoppe.
 23214 | Snake:3  | Reached XP level 16. HP: 163/170 MP: 23/23
 23214 | Snake:3  | Found Sadim's Magic Scroll Shoppe.
 23214 | Snake:3  | Found Ubocun's Antique Weapon Emporium.
 23272 | Snake:3  | Found Nit Jeyhi's Antique Weapon Emporium.
 23397 | Snake:3  | Bought a scroll of teleportation for 51 gold pieces
 23397 | Snake:3  | Bought a scroll of summoning for 161 gold pieces
 23397 | Snake:3  | Bought a scroll of identify for 34 gold pieces
 23397 | Snake:3  | Bought a scroll of identify for 34 gold pieces
 23536 | Snake:3  | Identified the +7 plate armour of the Orcish Mines {Int+2
                  | Dex+3}
 23566 | Snake:3  | Reached skill level 16 in Unarmed Combat
 24141 | Snake:3  | Noticed Vashnia
 24194 | Snake:3  | Killed Vashnia
 24470 | Snake:4  | Entered Level 4 of the Snake Pit
 24523 | Snake:4  | HP: 5/172 [constriction (4)]
 24524 | Snake:4  | HP: 2/172 [naga ritualist/Olgreb's Toxic Radiance (3)]
 24524 | Snake:4  | Demolished by a nagaraja

Illustrated notes

Levels and vault maps discovered:
D:1:      lightli_arrival_flooded_house, layout_rooms, serial_shops,
          nicolae_shop_bloodbath_and_beyond, minmay_worlds_worst_comb
D:2:      minmay_spotlight, layout_loops_ring, ebering_ecumenical_altar_box,
          uniq_jessica
D:3:      layout_loops_corners, mainiacjoe_overflow_catwalk,
          nicolae_overflow_hidden_temple, lemuel_round_altar, uniq_ijyb,
          uniq_natasha, uniq_sigmund
D:4:      layout_basic, minmay_temple_entry_junction, enter_ossuary_3
D:5:      layout_layer_cave, mainiacjoe_overflow_24_doors, serial_shops,
          shop_statue, uniq_eustachio
D:6:      layout_loops_ring
D:7:      layout_rooms, kennysheep_mini_moat, mainiacjoe_overflow_brackets,
          lemuel_tele_altar, gammafunk_temple_overflow_statue,
          nicolae_vehumet_radiance, uniq_jeremiah
D:8:      layout_basic, minmay_misc_feat_square, nzn_random_ring, uniq_pikel
D:9:      layout_roguey, nicolae_uskayaw_dance_studio, hiddenorc1_lemuel,
          serial_shops, nicolae_shop_tiny_statue_garden, worms_lemuel
D:10:     layout_basic, nicolae_ashenzari_skybound, led_xom_imps,
          lemuel_doored_altar, minmay_lair_entry_lava
D:11:     layout_loops_ring, tgw_trog, uniq_harold
D:12:     layout_rooms, nicolae_dithmenos_shadow_blocks, uniq_azrael
D:13:     layout_rooms, david_vaults_3
D:14:     layout_cave_pools, chequers_serial_rivers_micro_b, grunt_tough_drop
D:15:     hangedman_depths_entry_civil_slaughter, layout_basic, minivault_27
Temple:   nicolae_temple_superstar
Lair:1:   layout_gridlike, portal_ice_cave_rime, serial_bayou_pond_c,
          infiniplex_staircase_pool_2, grunt_megastairs_1, lemuel_fruit_tree
Lair:2:   layout_cave_pods, nicolae_snake_entry_warm_welcome
Lair:3:   layout_loops_ring, minmay_swamp_entry_swarm, roderic_carrion_pond
Lair:4:   layout_misc_corridors, slime_entry_2
Lair:5:   hangedman_lair_in_review, layout_hall_layers,
          guppyfry_lair_end_dragon, grunt_megastairs_3,
          infiniplex_staircase_pool
Snake:1:  layout_misc_corridors, nicolae_snake_horde_hoard,
          serial_bayou_shore_b, grunt_megastairs_2
Snake:2:  layout_misc_corridors, st_stairs_4, serial_bayou_shore_a
Snake:3:  layout_grid_maze, minmay_shoptagon, grunt_megastairs_4, uniq_vashnia
Snake:4:  snake_pit, layout_concentric_octagons, grunt_ministairs_5
Slime:1:  layout_caves
Orc:1:    layout_caves, nicolae_volcano_entry_hallway, serial_shops,
          nicolae_lakefront_shop, mines2_david
Orc:2:    grunt_orc_gardens, layout_caves, grunt_orc_garden, grunt_orc_garden,
          grunt_orc_garden, grunt_orc_garden, basic_altar,
          gauntlet_entry_generic
Elf:1:    minmay_elf_arrival_summoners, layout_loops_cross, serial_shops,
          nicolae_shop_scrapyard, shop, nicolae_shop_trees,
          nicolae_shop_tiny_real_fake_doors, shop, ebering_ghost_disaster_area,
          minivault_28

Skill      XL: |  1  2  3  4  5  6  7  8  9 10 11 12 13 14 15 16 |
---------------+-------------------------------------------------+-----
Fighting       | 3 4 5 6 7 8 9 10 11 12 13 14 | 14.0
Dodging        | 3 4 5 6 7 8 9 10 11 12 | 12.0
Unarmed Combat | 4 5 6 7 8 9 10 12 13 14 15 16 | 16.4
Invocations    | 1 4 5 7 9 10 11 | 11.5
Armour         | 1 5 7 |  7.4

Action                     |  1- 3 |  4- 6 |  7- 9 | 10-12 | 13-15 | 16-18 || total
---------------------------+-------+-------+-------+-------+-------+-------++-------
  Melee: Unarmed           |    59 |   103 |   272 |   649 |   990 |   185 ||  2258
 Invoke: Elemental Force   |       |       |       |     3 |     7 |       ||    10
         Upheaval          |       |       |       |     3 |     8 |       ||    11
         Disaster Area     |       |       |       |       |       |     3 ||     3
  Evoke: Wand              |       |       |     2 |     8 |     1 |       ||    11
    Use: Scroll            |       |     4 |     5 |    10 |    11 |     4 ||    34
         Potion            |       |     1 |     1 |     5 |     1 |     3 ||    11
   Stab: Paralysed         |       |       |       |       |     1 |       ||     1
         Petrified         |       |       |       |       |     3 |       ||     3
 Armour: Robe              |    27 |    76 |   151 |   406 |    91 |       ||   751
         Gold dragon scale |       |       |       |       |  1009 |   178 ||  1187
  Dodge: Dodged            |    25 |    46 |   173 |   578 |   658 |   186 ||  1666
         Repelled          |       |       |       |    14 |    27 |    12 ||    53

Table legend: (Time is in decaauts)
 A = Elapsed time spent in this place.
 B = Non-inter-level travel time spent in this place.
 C = Inter-level travel time spent in this place.
 D = Time resting spent in this place.
 E = Time spent auto-exploring this place.
 F = Levels seen in this place.
 G = Mean time per level.
                   A        B        C        D        E       F      G
               +--------+--------+--------+--------+--------+-----+--------+
         Total |  24125 |  22270 |   1855 |   2332 |  14176 |  32 |  753.9 |
       Dungeon |  12566 |  11460 |   1106 |   1018 |   7628 |  15 |  837.7 |
        Temple |     37 |     20 |     17 |      0 |      0 |   1 |   37.0 |
          Lair |   5636 |   5046 |    590 |    666 |   3332 |   5 | 1127.2 |
     Snake Pit |   3174 |   3092 |     82 |    197 |   2082 |   4 |  793.5 |
    Slime Pits |      1 |      1 |      0 |      0 |      0 |   1 |    1.0 |
  Orcish Mines |   1626 |   1566 |     60 |    372 |    770 |   2 |  813.0 |
   Elven Halls |     13 |     13 |      0 |      0 |      0 |   1 |   13.0 |
       Ossuary |    268 |    268 |      0 |      0 |    125 |   1 |  268.0 |
      Ice Cave |    573 |    573 |      0 |     52 |    231 |   1 |  573.0 |
       Volcano |    227 |    227 |      0 |     27 |      8 |   1 |  227.0 |
               +--------+--------+--------+--------+--------+-----+--------+

Top non-repeatable levels by time:
     D:9: 1788 daAuts
  Lair:3: 1489 daAuts
  Lair:2: 1485 daAuts
 Snake:3: 1400 daAuts
  Lair:5: 1134 daAuts
     D:8: 1066 daAuts
    D:10: 1063 daAuts
    D:11: 994 daAuts
 Snake:1: 970 daAuts
     D:3: 923 daAuts
    D:12: 919 daAuts
    D:15: 867 daAuts
     D:2: 862 daAuts
   Orc:1: 859 daAuts
     D:5: 822 daAuts
